cohdb
Replays
Latest Replays
All Replays
Popular Replays
Top Player Replays
Match Explorer
How It Works
Community
CoH3 Stats
Reddit
Sign in to upload your games and track your stats! →
Sign in with Steam
Match 40824227
Unlisted
Match 40824227
Overview
Messages
Build Orders
End
Panzergrenadier Squad
Selects Panzerjäger Kommand Battlegroup
Selects Mine Fields
Panzerpioneer Squad
Kradschützen Motorcycle Team
Construct Light Support Kompanie
2.5-tonne Medical Truck
Fire Support Elements
Selects Tank Busters
Kradschützen Motorcycle Team
Panzerjäger Mechanized Group
Selects Crew Shock Tactics
Panzergrenadier Squad
Construct Panzerarmee Kommand
Panzer III L Medium Tank
Rapid Advance
Panzer III L Medium Tank
Forward Retreat Point
Panzerjäger Mechanized Group
Selects Elefant Tank Destroyer
Elefant Tank Destroyer
Tungsten Core Ammunition
Selects Early Warning
Early Warning
Kameho
Mythless
DuskHD
Roy Bleach
H.S.
[GG]Onkel Stonkel
Howardgzh
[GG]Quiq
0
0
Comments
sign in to comment!
No comments posted yet!